 Dungeon Crawl Stone Soup version 0.21-a0-509-gecc5317 (webtiles) character file.

3710 BingusPrime the Martial Artist (level 9, -21/68 HPs)
             Began as a Yellow Draconian Transmuter on Nov 28, 2017.
             Was a Follower of Sif Muna.
             Demolished by an ogre
             ... wielding a +0 giant club
              (29 damage)
             ... on level 7 of the Dungeon.
             The game lasted 00:48:12 (7853 turns).

BingusPrime the Martial Artist (DrTm)               Turns: 7853, Time: 00:48:13

Health: -21/68     AC:  2    Str: 13    XL:     9   Next: 91%
Magic:  18/18      EV: 25    Int: 12    God:    Sif Muna [*.....]
Gold:   272        SH:  0    Dex: 19    Spells: 6/21 levels left

rFire    . . .     SeeInvis .     - Unarmed
rCold    + . .     Gourm    .   (shield currently unavailable)
rNeg     . . .     Faith    .   (armour unavailable)
rPois    x         Spirit   .   (helmet currently unavailable)
rElec    .         Reflect  .   (cloak currently unavailable)
rCorr    .         Harm     .   (gloves currently unavailable)
MR       .....                  (boots currently unavailable)
Stlth    +++.......             v - amulet of rage
HPRegen  0.21/turn              m - +2 ring of evasion
MPRegen  0.16/turn              D - ring of protection from cold

@: spider-form, starving
A: tiny, (spit acid), (acid resistance), unfitting armour, blurry vision 1,
dopey 1, AC +7
a: End Transformation, Divine Energy, Renounce Religion, Evoke Berserk Rage


You were on level 7 of the Dungeon.
You worshipped Sif Muna.
Sif Muna was aware of your devotion.
You were starving.
You were a venomous arachnid creature.
You visited 2 branches of the dungeon, and saw 9 of its levels.
You also visited: Sewer.

You collected 432 gold pieces.
You spent 160 gold pieces at shops.

Inventory:

Hand Weapons
 e - a +3 dagger of speed (melded)
 g - a +0 short sword
 h - a +0 whip
 n - a +3 vampiric dagger
 y - a +0 hunting sling
 K - a cursed -2 glaive
Missiles
 a - 70 arrows
 d - a throwing net
 q - 20 bolts
 J - 4 tomahawks (quivered)
Armour
 i - a scarf of spirit shield
Jewellery
 m - a +2 ring of evasion (left front leg)
 v - an amulet of rage (around neck)
 D - a ring of protection from cold (right front leg)
Wands
 w - a wand of flame (69)
 C - a wand of acid (11)
 F - a wand of polymorph (12)
Scrolls
 j - 3 scrolls of fear
 k - 7 scrolls of remove curse
 p - 2 scrolls of enchant armour
 r - a scroll of amnesia
 x - 2 scrolls of magic mapping
 B - a scroll of fog
 G - a scroll of teleportation
 H - a scroll of silence {unknown}
 I - a scroll of immolation {unknown}
 L - a scroll of identify
Potions
 l - 2 potions of heal wounds
 t - a potion of flight
 u - 2 potions of curing
 z - a potion of agility
 A - 2 potions of magic {unknown}
 E - a potion of haste
Books
 b - a book of Changes

   Spells                             Type                      Level
   a - Beastly Appendage              Transmutation                1
   b - Sticks to Snakes               Transmutation                2
   c - Spider Form                    Transmutation/Poison         3
   d - Ice Form                       Ice/Transmutation            4
   e - Blade Hands                    Transmutation                5
Comestibles
 c - 5 bread rations
 f - 11 fruits
 o - 5 meat rations
 s - 2 royal jellies


   Skills:
 + Level 2.4 Fighting
 + Level 2.3 Short Blades
 + Level 0.4 Maces & Flails
 + Level 4.3 Dodging
 + Level 3.3 Stealth
 + Level 8.3 Unarmed Combat
 * Level 6.5 Spellcasting
 + Level 6.0 Transmutations
 + Level 4.0 Poison Magic
 + Level 0.7 Evocations


You had 6 spell levels left.
You knew the following spells:

 Your Spells              Type           Power        Failure   Level  Hunger
a - Beastly Appendage     Tmut           ###...       6%          1    None
b - Spider Form           Tmut/Pois      ###.......   17%         3    ###....
c - Sticks to Snakes      Tmut           ###.....     9%          2    ##.....
d - Blade Hands           Tmut           ###.......   58%         5    ######.
e - Ice Form              Ice/Tmut       ##......     65%         4    ####...


Dungeon Overview and Level Annotations

Branches:
Dungeon (8/15)             Temple (1/1) D:6
   Lair: D:8-11

Altars:
Ashenzari
Cheibriados
Dithmenos
Elyvilon
Fedhas
Gozag
Hepliaklqana
Kikubaaqudgha
Makhleb
Okawaru
Qazlal
Ru
Sif Muna
Trog
Uskayaw
Vehumet
Xom
Yredelemnul
Zin

Shops:
D:4 !   D:7 %

Annotations:
D:2 Sigmund


Innate Abilities, Weirdness & Mutations

((You can spit globs of acid.))
((You are resistant to acid.))
((Your golden yellow scales are hard. (AC +7)))
You cannot fit into any form of body armour.
((You are cold-blooded and may be slowed by cold attacks.))
Scrolls take you a little longer to read.
((Your flesh is cold resistant. (rC+)))
You are dopey. (Int -2)


Message History

The hungry ghost completely misses you. The black bear closely misses you.
The black bear barely misses you. The black bear claws you.
The ogre hits you with a giant club!
* * * LOW HITPOINT WARNING * * *
You can't go up here!
Magic restored.
The hungry ghost completely misses you.
The black bear misses you. x2; The black bear completely misses you.
The ogre closely misses you.
You climb downwards.
There is a stone staircase leading up here.
The hungry ghost hits you.
* * * LOW HITPOINT WARNING * * *
You feel somewhat more hungry. The black bear bites you.
* * * LOW HITPOINT WARNING * * *
The black bear barely misses you. The black bear misses you.
You climb upwards.
There is a stone staircase leading down here.
Really read with blurry vision while enemies are nearby?
The ogre hits you with a giant club!!
You die...

#.........#.######......
#.......<.#.#####.......
#.........#[#[.........#
#######.###.[[....######
##............###
##.......####### ####
#.......##.≈≈≈# #...
##.....OW#.≈≈≈#######...
###......s.'..[_∩##.......
#≈≈.≈≈..h..#.≈≈≈###...#...
#≈#'#≈.....##.≈≈≈####.....
#≈#∩#≈#.#...###### ###...
# ###≈#.#..## #...
≈≈#.#..# #.#. ####....#
########...
##...#####...##....#
##..##............#


You could see a hungry ghost, a black bear and an ogre.

Vanquished Creatures
  A two-headed ogre (D:7)
  Pikel (D:7)
  A hippogriff (D:7)
  The ghost of mad the Grasshopper, an amateur GnWr of Uskayaw (D:4)
  A water moccasin (D:6)
  2 phantoms (D:4)
  2 ice beasts
  4 slaves (D:7)
  A black bear (D:4)
  A centaur (D:5)
  6 ogres
  A big kobold (Sewer)
  A bullfrog (D:6)
  3 scorpions
  A howler monkey (D:4)
  5 crimson imps
  2 hounds
  2 orc priests
  2 jellies (D:5)
  Jessica (D:3)
  2 bullfrog skeletons
  5 orc wizards
  6 worker ants
  2 hound zombies
  A worker ant zombie (D:7)
  A howler monkey skeleton (D:5)
  8 adders
  A shadow imp (D:7)
  An ooze (D:1)
  An adder zombie (D:6)
  A worm (D:4)
  3 dart slugs
  3 leopard geckos
  16 orcs
  A ball python (D:3)
  7 giant cockroaches
  8 goblins
  6 hobgoblins
  23 jackals
  5 quokkas
  8 bats
  8 frilled lizards
  8 kobolds
  A leopard gecko skeleton (D:5)
  A leopard gecko zombie (D:5)
  2 quokka skeletons
  12 rats
180 creatures vanquished.

Vanquished Creatures (collateral kills)
  A rat (Sewer)
1 creature vanquished.

Vanquished Creatures (others)
  A kobold (D:2)
1 creature vanquished.

Grand Total: 182 creatures vanquished

Notes
Turn   | Place    | Note
-------+----------+-------------------------------------------
     0 | D:1      | BingusPrime the Draconian Transmuter began the quest for the Orb.
     0 | D:1      | Reached XP level 1. HP: 16/16 MP: 3/3
    92 | D:1      | Reached XP level 2. HP: 16/23 MP: 3/5
   598 | D:1      | Reached XP level 3. HP: 18/28 MP: 4/6
   603 | D:1      | Learned a level 3 spell: Spider Form
  1261 | D:2      | Found a radiant altar of Vehumet.
  1318 | D:2      | Noticed Sigmund
  1572 | D:2      | Reached XP level 4. HP: 30/35 MP: 1/8
  1600 | D:2      | Learned a level 2 spell: Sticks to Snakes
  1808 | D:3      | Found a stormy altar of Qazlal.
  1819 | D:3      | Reached skill level 4 in Unarmed Combat
  1834 | D:3      | Noticed Jessica
  1842 | D:3      | Killed Jessica
  1842 | D:3      | Reached XP level 5. HP: 32/40 MP: 4/9
  2050 | D:3      | Found a glowing drain.
  2068 | Sewer    | Entered a sewer
  2189 | Sewer    | Reached skill level 1 in Poison Magic
  2213 | Sewer    | Found a glowing silver altar of Zin.
  2315 | D:3      | Found an opulent altar of Gozag.
  2718 | D:4      | Noticed mad's ghost (amateur GnWr)
  2735 | D:4      | Reached XP level 6. HP: 38/47 MP: 2/10
  2790 | D:4      | Gained mutation: You are frail. (-10% HP) [potion of mutation]
  2790 | D:4      | Gained mutation: You are resistant to electric shocks. (rElec) [potion of mutation]
  2790 | D:4      | Gained mutation: Scrolls take you a little longer to read. [potion of mutation]
  2790 | D:4      | Gained mutation: Your tail ends in a poisonous barb. [potion of mutation]
  2793 | D:4      | Lost mutation: Scrolls take you a little longer to read. [potion of mutation]
  2793 | D:4      | Lost mutation: You are frail. (-10% HP) [potion of mutation]
  2793 | D:4      | Lost mutation: Your tail ends in a poisonous barb. [potion of mutation]
  2793 | D:4      | Lost mutation: You are resistant to electric shocks. (rElec) [potion of mutation]
  2793 | D:4      | Gained mutation: You are dopey. (Int -2) [potion of mutation]
  2793 | D:4      | Gained mutation: Scrolls take you a little longer to read. [potion of mutation]
  2793 | D:4      | Gained mutation: Your flesh is cold resistant. (rC+) [potion of mutation]
  2870 | D:4      | Found Qusuod's Distillery.
  2975 | D:4      | Bought a potion of lignification for 33 gold pieces
  2975 | D:4      | Bought a potion of heal wounds for 55 gold pieces
  3132 | D:4      | Found a snail-covered altar of Cheibriados.
  3136 | D:4      | Found an opulent altar of Gozag.
  3159 | D:4      | Found a white marble altar of Elyvilon.
  3230 | D:4      | Killed mad's ghost
  3230 | D:4      | Reached skill level 1 in Short Blades
  3548 | D:4      | Your scales start taking on a golden yellow colour.
  3548 | D:4      | Reached XP level 7. HP: 16/53 MP: 1/12
  3623 | D:4      | Reached skill level 5 in Unarmed Combat
  4191 | D:5      | Entered Level 5 of the Dungeon
  4210 | D:5      | Reached skill level 1 in Stealth
  4210 | D:5      | Reached XP level 8. HP: 61/61 MP: 9/14
  4230 | D:5      | Learned a level 5 spell: Blade Hands
  4492 | D:5      | Reached skill level 6 in Unarmed Combat
  4599 | D:5      | Reached skill level 5 in Transmutations
  5183 | D:6      | Found a staircase to the Ecumenical Temple.
  5194 | Temple   | Entered the Ecumenical Temple
  5220 | Temple   | Became a worshipper of Sif Muna the Loreminder
  5370 | D:6      | Reached skill level 5 in Spellcasting
  5762 | D:6      | Reached XP level 9. HP: 14/67 MP: 16/16
  6234 | D:6      | Reached skill level 7 in Unarmed Combat
  6918 | D:7      | Noticed a two-headed ogre
  6938 | D:7      | Killed a two-headed ogre
  6938 | D:7      | Reached * piety under Sif Muna
  7142 | D:7      | Learned a level 4 spell: Ice Form
  7354 | D:7      | Noticed Pikel
  7379 | D:7      | Killed Pikel
  7379 | D:7      | Reached skill level 8 in Unarmed Combat
  7587 | D:7      | Found a burning altar of Makhleb.
  7608 | D:7      | Found Hycoijuj's Food Shoppe.
  7611 | D:7      | Bought 4 fruits for 72 gold pieces
  7853 | D:7      | Demolished by an ogre

Vault maps used:
D:1:      sevenhm_arrival_forest_fort_large_2
D:2:      fiery_altar_vehumet, first_bread, uniq_sigmund
D:3:      grunt_qazlal_clouds, gup_sewer_entry_glass, serial_glass,
          glass_columns_a, glass_columns_c, glass_columns_a, glass_columns_a,
          glass_columns_a, glass_columns_a, item_on_display_a,
          nicolae_gozag_seed_capital, uniq_jessica
D:4:      grunt_temple_overflow_diamond, serial_shops, shop
D:6:      minmay_temple_entry_glassed_door, serial_curves, eino_curves_04,
          eino_curves_02, eino_curves_02
D:7:      makhleb_grotto_becter, serial_shops, kennysheep_mini_moat, uniq_pikel
D:8:      nicolae_overflow_crystal_walls, dpeg_lair_monsters
Temple:   eino_temple_water
Sewer:    sewer_kobolds

Skill      XL: |  1  2  3  4  5  6  7  8  9 |
---------------+----------------------------+-----
Dodging        | 2 3 4 |  4.3
Unarmed Combat | 4 5 6 8 |  8.3
Spellcasting   | 3 4 5 6 |  6.5
Poison Magic   | 1 2 3 4 |  4.0
Transmutations | 3 4 5 6 |  6.0
Short Blades   | 1 2 |  2.3
Fighting       | 2 |  2.4
Stealth        | 1 2 3 |  3.3
Maces & Flails | |  0.4
Evocations     | |  0.7

Action                   |  1- 3 |  4- 6 |  7- 9 || total
-------------------------+-------+-------+-------++-------
Melee: Unarmed           |    55 |   152 |   276 ||   483
       Headbutt          |     6 |     1 |     4 ||    11
       Tailslap          |     9 |     5 |     1 ||    15
       Short sword       |    22 |       |       ||    22
       Whip              |    31 |       |       ||    31
       Kick              |     2 |     2 |       ||     4
       Dagger            |     1 |    73 |    40 ||   114
       Punch             |       |     1 |     3 ||     4
 Cast: Beastly Appendage |    17 |     5 |     2 ||    24
       Spider Form       |     9 |    29 |    44 ||    82
       Sticks to Snakes  |       |     4 |     1 ||     5
 Abil: Breathe Acid      |       |       |     2 ||     2
       Evoke Berserk Rag |       |       |     1 ||     1
  Use: Scroll            |       |     5 |     6 ||    11
       Potion            |       |     8 |       ||     8
 Stab: Sleeping          |       |     1 |     4 ||     5
       Distracted        |       |       |     2 ||     2
  Eat: Chunk             |     3 |     7 |    16 ||    26
       Bread ration      |     1 |     1 |       ||     2
       Fruit             |       |       |     4 ||     4
Armor: Skin              |    45 |    34 |    14 ||    93
Dodge: Dodged            |    98 |   161 |   292 ||   551

Table legend:
 A = Spawn XP
 B = Non-spawn XP
 C = Spawn XP percentage of total XP
 D = Spawn monster count
 E = Non-spawn monster count
 F = Spawn count percentage of total count
 G = Total turns spent on level
                    A         B        C        D         E        F      G
               +---------+---------+-------+---------+---------+-------+---------
         Total |       0 |    5300 |   0.0 |       0 |     177 |   0.0 |  7853
               +---------+---------+-------+---------+---------+-------+---------
           D:1 |       0 |      52 |   0.0 |       0 |      28 |   0.0 |  1101
           D:2 |       0 |      48 |   0.0 |       0 |      20 |   0.0 |   589
           D:3 |       0 |     153 |   0.0 |       0 |      28 |   0.0 |   803
           D:4 |       0 |    1060 |   0.0 |       0 |      27 |   0.0 |  1475
           D:5 |       0 |     664 |   0.0 |       0 |      22 |   0.0 |   928
           D:6 |       0 |    1032 |   0.0 |       0 |      20 |   0.0 |  1646
           D:7 |       0 |    2182 |   0.0 |       0 |      22 |   0.0 |  1001
           D:8 |       0 |       4 |   0.0 |       0 |       2 |   0.0 |    14
         Sewer |       0 |     105 |   0.0 |       0 |       8 |   0.0 |   223
               +---------+---------+-------+---------+---------+-------+---------
